 Dungeon Crawl Stone Soup version 0.27-a0-463-gec7707c53d (webtiles) character file.

Game seed: 14526791390767340804

16 srzhan31 the Grave Robber (level 2, 0/19 HPs)
             Began as a Human Necromancer on Mar 1, 2021.
             Slain by a dart slug (1 damage)
             ... on level 1 of the Dungeon.
             The game lasted 00:02:50 (379 turns).

srzhan31 the Grave Robber (Human Necromancer)        Turns: 379, Time: 00:02:51

Health: 0/19       AC:  3    Str:  8    XL:     2   Next: 75%
Magic:  1/5        EV: 12    Int: 15    God:
Gold:   35         SH:  5    Dex: 13    Spells: 3/5 levels left

rFire    . . .     SeeInvis .   b - +0 spear
rCold    . . .     Faith    .   (no shield)
rNeg     . . .     Spirit   .   a - +0 robe
rPois    .         Reflect  +   (no helmet)
rElec    .         Harm     .   (no cloak)
rCorr    .         Rampage  .   d - +0 pair of gloves
Will     .....                  (no boots)
Stlth    ++........             c - amulet of reflection
HPRegen  0.06/turn              (no ring)
MPRegen  0.09/turn              (no ring)

@: no status effects
A: no striking features
a: no special abilities


You were on level 1 of the Dungeon.
You visited 1 branch of the dungeon, and saw 1 of its levels.

You collected 35 gold pieces.

Inventory:

Hand Weapons
 b - a +0 spear (weapon)
Armour
 a - a +0 robe (worn)
 d - a +0 pair of gloves (worn)
 g - a +0 pair of gloves
Jewellery
 c - an amulet of reflection (around neck)
Scrolls
 e - 2 scrolls of identify {unknown}
 f - 2 scrolls of magic mapping {unknown}


   Skills:
 * Level 0.6 Polearms
 + Level 2.0 Dodging
 + Level 2.0 Stealth
 + Level 2.0 Spellcasting
 + Level 4.5 Necromancy


You had 3 spell levels left.
You knew the following spells:

 Your Spells              Type           Power        Failure   Level
a - Pain                  Necr           60%          3%          1
b - Animate Skeleton      Necr           30%          3%          1

Your spell library contained the following spells:

 Spells                   Type           Power        Failure   Level
 Vampiric Draining        Necr           7%           11%         3
 Animate Dead             Necr           7%           34%         4
 Agony                    Necr           15%          67%         5


Dungeon Overview and Level Annotations

Branches:
Dungeon (1/15)

Altars:


Message History

Press: ? - help, Dir - move target, f/p - dart slug
Aim: a dart slug (heavily wounded, about 7% to evade your +0 spear)
You hit the dart slug.
The dart slug is almost dead.
You block the dart slug's attack.
Reach: b) +0 spear
Press: ? - help, Dir - move target, f/p - dart slug
Aim: a dart slug (almost dead, about 7% to evade your +0 spear)
You hit the dart slug.
You kill the dart slug!
Reach: b) +0 spear
Press: ? - help, Dir - move target, f - dart slug
Aim: a dart slug (about 7% to evade your +0 spear)
You reach to attack!
You barely miss the dart slug.
Reach: b) +0 spear
Press: ? - help, Dir - move target, f/p - dart slug
Aim: a dart slug (about 7% to evade your +0 spear)
You hit the dart slug.
The dart slug is moderately wounded.
The dart slug bites you.
* * * LOW HITPOINT WARNING * * *
Reach: b) +0 spear
Press: ? - help, Dir - move target, f/p - dart slug
Aim: a dart slug (moderately wounded, about 7% to evade your +0 spear)
You hit the dart slug.
The dart slug is heavily wounded.
Reach: b) +0 spear
Press: ? - help, Dir - move target, f/p - dart slug
Aim: a dart slug (heavily wounded, about 7% to evade your +0 spear)
You hit the dart slug.
The dart slug is almost dead.
The dart slug bites you.
* * * LOW HITPOINT WARNING * * *
Reach: b) +0 spear
Press: ? - help, Dir - move target, f/p - dart slug
Aim: a dart slug (almost dead, about 7% to evade your +0 spear)
You barely miss the dart slug.
The dart slug is almost dead.
The dart slug bites you.
You die...

..........######.....###..†
########### ##..#.###...
#........... #.##.#.†....
#.##.......# #.####....#.
#.# #....#. .#?#.########.#
#...... ..w..†w@....†.#
#.....# ...##..######.#
#>....# ##. ### #.....# ..
#.....# ..# ####### ###


You could see 2 dart slugs.

Vanquished Creatures
  A dart slug (D:1)
  2 leopard geckos (D:1)
  2 goblins (D:1)
  2 hobgoblins (D:1)
  2 bats (D:1)
  A frilled lizard (D:1)
  2 rats (D:1)
12 creatures vanquished.

Notes
Turn   | Place    | Note
-------+----------+-------------------------------------------
     0 | D:1      | srzhan31 the Human Necromancer began the quest for the Orb.
     0 | D:1      | Reached XP level 1. HP: 13/13 MP: 3/3
   184 | D:1      | Reached XP level 2. HP: 9/19 MP: 5/5
   307 | D:1      | Learned a level 1 spell: Animate Skeleton
   379 | D:1      | Slain by a dart slug

Illustrated notes

Levels and vault maps discovered:
D:1:      giann_bridges, layout_rooms, minmay_misc_feat_chi,
          chequers_serial_rivers_micro_a, minmay_hexomino_u4

Action                   || total
-------------------------++-------
Melee: Spear             ||    34
 Cast: Pain              ||    12
 Stab: Sleeping          ||     1
Armor: Robe              ||     7
Dodge: Dodged            ||    10
Block: Other             ||     3

Table legend: (Time is in decaauts)
 A = Elapsed time spent in this place.
 B = Non-inter-level travel time spent in this place.
 C = Inter-level travel time spent in this place.
 D = Time resting spent in this place.
 E = Time spent auto-exploring this place.
 F = Levels seen in this place.
 G = Mean time per level.
                   A        B        C        D        E       F      G
               +--------+--------+--------+--------+--------+-----+--------+
         Total |    385 |    385 |      0 |      0 |      0 |   1 |  385.0 |
       Dungeon |    385 |    385 |      0 |      0 |      0 |   1 |  385.0 |
               +--------+--------+--------+--------+--------+-----+--------+

Top non-repeatable levels by time:
     D:1: 385 daAuts
